[Event "Early-Titled-Tuesday-Blitz-September-05-2023"]
[Site "Chess.com"]
[Date "2023.09.05"]
[Round "2"]
[White "PetrolulSah"]
[Black "ExchangeAB"]
[Result "1/2-1/2"]
[WhiteElo "2126"]
[BlackElo "2446"]
[TimeControl "180+1"]
[EndTime "8:18:34 PDT"]
[Termination "Game drawn - insufficient material"]

1. d4 d5 2. c4 c6 3. cxd5 cxd5 4. Bf4 Nf6 5. Nc3 Nc6 6. e3 Bf5 7. Qb3 Na5 8. Qa4+ Bd7 9. Bb5 Nc6 10. Nf3 a6 11. Bxc6 Bxc6 12. Qb3 e6 13. Ne5 Bd6 14. Nxc6 bxc6 15. Qa4 Qd7 16. Bxd6 Qxd6 17. O-O O-O 18. Rac1 Rfb8 19. Qa3 Qxa3 20. bxa3 Rb2 21. f3 g5 22.
Rf2 Rab8 23. Na4 Rb1 24. Rc2 Rxc1+ 25. Rxc1 Rb5 26. Rxc6 Ra5 27. Nc5 Rxa3 28. Rxa6 Rxe3 29. a4 g4 30. Kf2 Ra3 31. a5 Kg7 32. Ra7 Kg6 33.
a6 gxf3 34. gxf3 Ne8 35. Rd7 Nf6 36. Re7 Kg5 37. Rxf7 h5 38. Nxe6+ Kg6 39. Rg7+ Kf5 40.
Nc5 Kf4 41. Rf7 Ra2+ 42. Ke1 Ke3 43. Kd1 Kxd4 44. Nb3+ Kc3 45. Rxf6 Kxb3 46. Rf5 d4 47. Rxh5 Rxa6 48. Kd2 Kc4 49. Rh8 Ra2+ 50. Ke1 Kd3 51. Re8 Rxh2 52. f4 Rh1+ 53. Kf2 Rh4 54. Kg3 Rh1 55. Kg2 Rh7 56. f5 Rf7 57. Re5 Kc2 58. Kf3 d3 59. Rc5+ Kd1 60. Rd5 d2 61. Ke3 Re7+ 62.
Kf4 Ke1 63. f6 Re2 64. Kf5 d1=Q 65. Rxd1+ Kxd1 66. f7 Kd2 67. Kf6 Rf2+ 68. Kg7 Rxf7+ 69. Kxf7 1/2-1/2

[Event "Early-Titled-Tuesday-Blitz-September-05-2023"]
[Site "Chess.com"]
[Date "2023.09.05"]
[Round "2"]
[White "TioCridineno"]
[Black "FARIZA2018"]
[Result "0-1"]
[WhiteElo "2336"]
[BlackElo "2526"]
[TimeControl "180+1"]
[EndTime "8:18:39 PDT"]
[Termination "FARIZA2018 won by resignation"]

1. e4 e5 2. Nf3 Nc6 3. Bb5 a6 4.
Ba4 Nf6 5. O-O Be7 6. Re1 b5 7. Bb3 d6 8. c3 O-O 9. d4 Bb7 10. Nbd2 Re8 11. Ng5 Rf8 12. Ngf3 h6 13. Nf1 Re8 14.
Ng3 Bf8 15. a4 Na5 16. Bc2 c5 17. axb5 axb5 18. dxe5 dxe5 19. Qxd8 Rexd8 20. Nxe5 Bd6 21. Nf3 Bc7 22. Be3 c4 23. Bd4 Ne8 24. e5 Nb3 25.
Rxa8 Rxa8 26. Be4 Bxe4 27. Nxe4 Ra2 28. Rb1 Bb8 29. Nfd2 Nxd2 30. Nxd2 Nc7 31. Kf1 Ne6 32. Ke2 Nf4+ 33. Kf3 Nd3 34. Ke4 Nxb2 35. f4 Bc7 36. Nf3 Ba5 37. g3 Na4 38. Rxb5 Bxc3 39. Rb8+ Kh7 40.
Rc8 Bxd4 41. Nxd4 c3 42. f5 Ra1 43. e6 fxe6 44. fxe6 Re1+ 45. Kd5 Nb6+ 46. Kd6 Nxc8+ 47.
Kd7 Nb6+ 48. Kc6 Nc4 49. Kd7 Na3 50. e7 c2 51. Ne6 c1=Q 52. e8=Q Qd2+ 53. Ke7 Qb4+ 54.
Kf7 Rf1+ 55. Nf4 Qc4+ 56. Ke7 Qe4+ 57. Kf7 Qxe8+ 58. Kxe8 Nc4 59. h4 Ne3 60. h5 Nf5 61. Ng6 Nxg3 62. Nf8+ Kg8 63. Ng6 Nxh5 64. Ne7+ Kh7 0-1

[Event "Early-Titled-Tuesday-Blitz-September-05-2023"]
[Site "Chess.com"]
[Date "2023.09.05"]
[Round "2"]
[White "econpower"]
[Black "IngOscarArdila"]
[Result "1-0"]
[WhiteElo "2745"]
[BlackElo "2385"]
[TimeControl "180+1"]
[EndTime "8:18:42 PDT"]
[Termination "econpower won by resignation"]

1. d4 Nf6 2. c4 e6 3. Nf3 Bb4+ 4. Bd2 Qe7 5. Nc3 O-O 6. g3 d6 7. Bg2 Nbd7 8. O-O c5 9. Qc2 e5 10. dxc5 Nxc5 11. a3 Bxc3 12. Bxc3 Bg4 13. h3 Bh5 14.
Nh4 Rac8 15. Rfd1 Bg6 16. Nxg6 hxg6 17. b3 Rfd8 18. a4 Nh5 19. a5 f5 20. Qb2 Kh7 21.
Bb4 Nf6 22. Rac1 Nfe4 23. e3 b6 24. axb6 axb6 25. Ra1 Ra8 26. Be1 Qb7 27. Qc2 Rxa1 28. Rxa1 Ra8 29. Ra2 Ra7 30. b4 Rxa2 31. Qxa2 Nd3 32.
Qe2 Nxe1 33. Qxe1 Qa6 34. Bxe4 fxe4 35. Qc3 Qa2 36. c5 bxc5 37. bxc5 Qb1+ 38. Kg2 Qd1 39. cxd6 Qf3+ 40. Kg1 Qd1+ 41. Kg2 Qf3+ 42. Kf1 Qd1+ 43. Qe1 Qxd6 44. Kg2 Qd3 45. Qc1 Qe2 46. h4 Qf3+ 47.
Kg1 Qe2 48. Qb1 Qf3 49. Qa1 Kh6 50. Qxe5 Qd1+ 51. Kh2 Qf3 52. Qf4+ Qxf4 53. exf4 Kh5 54. Kh3 Kh6 55. g4 Kh7 56. Kg2 Kg8 57. Kf1 Kf7 58. Ke2 Ke6 59. Ke3 Kd5 60. f3 exf3 61. Kxf3 Kd4 62. f5 gxf5 63. gxf5 Ke5 64. Kg4 Kf6 65. h5 Ke7 66. Kf4 Kf7 67. Kg5 Ke7 68. Kg6 Kf8 69. Kh7 Kf7 70. Kh8 Kf6 71. Kg8 Kxf5 72.
Kxg7 Kg5 73. h6 Kf5 74. h7 1-0

[Event "Early-Titled-Tuesday-Blitz-September-05-2023"]
[Site "Chess.com"]
[Date "2023.09.05"]
[Round "2"]
[White "wild3000"]
[Black "Flaccidmoves"]
[Result "1-0"]
[WhiteElo "2296"]
[BlackElo "2482"]
[TimeControl "180+1"]
[EndTime "8:18:42 PDT"]
[Termination "wild3000 won by resignation"]

1. d4 g6 2. g3 Bg7 3. Bg2 Nf6 4.
c3 O-O 5. Nf3 d6 6. O-O Nbd7 7.
Re1 e5 8. e4 b6 9. a4 a5 10. Qb3 Bb7 11. Nbd2 Qe7 12. Qc2 Rfe8 13. b4 axb4 14. cxb4 exd4 15. Qxc7 Ba6 16. Qc2 d3 17. Qa2 Rec8 18. Bb2 Rc2 19. Qb3 Rxb2 20. Qxb2 Ng4 21. Qb3 Bxa1 22. Rxa1 Nde5 23. Nd4 Rc8 24. h3 Nxf2 25.
Kxf2 Qf6+ 26. Kg1 Nc4 27. N2f3 d2 28. b5 Bb7 29. Qd3 Qe7 30. Nxd2 Nxd2 31. Qxd2 Bxe4 32. Re1 d5 33. Nc6 Qc5+ 34. Qd4 Qxd4+ 35. Nxd4 Bxg2 36. Kxg2 Rc4 37. Rd1 Rxa4 38. Nc6 Ra2+ 39. Kf3 Ra3+ 40. Kf4 Ra4+ 41. Ke5 Kg7 42. Kxd5 Ra3 43. Rg1 h5 44. Kd6 Rb3 45. Nd4 Rb4 46. Kd5 g5 47. Rc1 h4 48.
gxh4 gxh4 49. Rg1+ Kf6 50. Rg4 Rb2 51. Rxh4 Ke7 52.
Rf4 Rb1 53. h4 Rc1 54. Re4+ Kf6 55. Kd6 Rc5 56. Rf4+ Kg6 57. Re4 Kf6 58. Re8 Rc4 59. Kd5 Rc5+ 60. Ke4 Kg6 61. Rg8+ Kh5 62. Rg5+ Rxg5 63.
hxg5 Kxg5 64. Ne2 f5+ 65. Kd5 Kg4 66. Kc6 Kf3 67. Nd4+ Ke4 68. Nxf5 Kxf5 69. Kxb6 1-0

[Event "Early-Titled-Tuesday-Blitz-September-05-2023"]
[Site "Chess.com"]
[Date "2023.09.05"]
[Round "2"]
[White "klimkoj"]
[Black "ArmanGhevondyanchess"]
[Result "1-0"]
[WhiteElo "2788"]
[BlackElo "2456"]
[TimeControl "180+1"]
[EndTime "8:18:44 PDT"]
[Termination "klimkoj won by resignation"]

1. d4 Nf6 2. c4 g6 3. Nf3 Bg7 4.
g3 O-O 5. Bg2 d5 6. O-O c5 7. cxd5 Qxd5 8. Nc3 Qh5 9. dxc5 Qxc5 10. Bf4 Nc6 11. Rc1 Qh5 12. Qb3 e5 13. Bd2 h6 14. h4 g5 15. hxg5 Ng4 16. Rfe1 Nd4 17.
Nxd4 Qh2+ 18. Kf1 exd4 19. Nb5 Be6 20. Qf3 Qh5 21. Kg1 Qh2+ 22. Kf1 Qh5 23. Qe4 Rad8 24. Nc7 Bd7 25. gxh6 Bxh6 26. Bxh6 Qxh6 27. Qxb7 Qf6 28. Bf3 Qh6 29. Bxg4 Bxg4 30. Kg1 Rd6 31. Nd5 Kh8 32.
Nf4 Rf6 33. Ng2 Bh3 34. Qe4 Rg8 35. Qxd4 Qg7 36. Qh4+ Rh6 37. Qf4 Be6 38. Nh4 Bg4 39. Rc4 Rxh4 40. f3 Rh3 41. fxg4 Rh6 42. Kg2 Rh7 43.
Rh1 Rxh1 44. Kxh1 Qh7+ 45. Kg2 Qg6 46. Qe5+ Kh7 47. Qh5+ Qxh5 48. gxh5 Rg5 49. g4 Ra5 50. a4 Ra6 51. Kf3 Kh6 52. b3 f6 53.
Rb4 Rc6 54. Rb5 a6 55. Rb7 Kg5 56. Rg7+ Kh6 57. Rg6+ Kh7 58. e3 Rb6 59. a5 Rb5 60. Rxf6 Rxa5 61. Kf4 Ra1 62. Kg5 Ra5+ 63. Rf5 Ra3 64.
Rf7+ Kg8 65. Rb7 Ra5+ 66. Kg6 Kf8 67. h6 Rb5 68. Rxb5 1-0

[Event "Early-Titled-Tuesday-Blitz-September-05-2023"]
[Site "Chess.com"]
[Date "2023.09.05"]
[Round "2"]
[White "Rikikits"]
[Black "TrenerChos"]
[Result "0-1"]
[WhiteElo "2846"]
[BlackElo "2608"]
[TimeControl "180+1"]
[EndTime "8:18:48 PDT"]
[Termination "TrenerChos won on time"]

1. b3 Nf6 2. Bb2 g6 3. Bxf6 exf6 4. c4 Bg7 5. Nc3 O-O 6. g3 f5 7. Rc1 Nc6 8. Bg2 Re8 9. Nf3 b6 10. d4 Bb7 11. O-O d6 12. d5 Ne5 13. Nd4 a6 14. e3 h5 15. h4 Ng4 16. Re1 f4 17. gxf4 Bxd4 18. Qxd4 Qxh4 19. Qd2 Re7 20. f3 Qh2+ 21.
Kf1 Nh6 22. e4 h4 23. Re2 h3 24. Rce1 Rae8 25. Bxh3 Qxh3+ 26. Kf2 Bc8 27. Rg1 Qh4+ 28. Ke3 Qf6 29. Kd3 Nf5 30. Qe1 Nd4 31. Re3 Nf5 32.
Re2 Nh4 33. Qg3 Nf5 34. Qf2 b5 35. Rh1 b4 36. Nd1 Qa1 37. Qh2 Qd4+ 38. Kc2 Qg7 39. Rg2 c6 40. Kb1 cxd5 41. cxd5 Nd4 42. Rg3 Nb5 43. Nb2 a5 44. f5 Bxf5 45. exf5 Na3+ 46.
Kc1 Re1+ 47. Kd2 R8e7 48. f6 Qxf6 49. Qh7+ Kf8 50. Qh8+ Qxh8 51. Rxh8+ Kg7 52. Rgh3 R1e2+ 53. Kc1 Rc2+ 54. Kd1 Rxb2 55. R8h7+ Kf6 56. R3h4 Ree2 57. Rf4+ Ke5 58. Re4+ Rxe4 59. fxe4 Kxe4 60. Rxf7 Rxa2 61. Rf6 Nb5 62. Rxg6 Nc3+ 63. Ke1 Kxd5 64. Rg5+ Kd4 65. Rg4+ Kc5 66. Rg3 d5 67. Rg8 a4 68. Rc8+ Kd4 69.
bxa4 Rxa4 0-1

[Event "Early-Titled-Tuesday-Blitz-September-05-2023"]
[Site "Chess.com"]
[Date "2023.09.05"]
[Round "2"]
[White "DeArron_Fox"]
[Black "FuenfgegenWilly"]
[Result "1-0"]
[WhiteElo "2507"]
[BlackElo "2299"]
[TimeControl "180+1"]
[EndTime "8:18:48 PDT"]
[Termination "DeArron_Fox won by checkmate"]

1. d4 Nf6 2. c4 e6 3. Nf3 Bb4+ 4. Bd2 Be7 5. g3 d5 6. Bg2 O-O 7. O-O c6 8. b3 a5 9. Bc3 Ne4 10. Bb2 Nd7 11. Nbd2 f5 12. Ne1 Bg5 13. Ndf3 Bf6 14. Nd3 g5 15. Nfe5 Bg7 16. Rc1 Ndf6 17. a3 Bd7 18. b4 Be8 19. f3 Nd6 20. Qb3 a4 21. Qa2 Nd7 22. b5 Nxe5 23. Nxe5 Nxc4 24. Nxc4 dxc4 25. Qxc4 Qd5 26. f4 Qxc4 27. Rxc4 gxf4 28. gxf4 cxb5 29. Rc7 Rf7 30. Rfc1 Rd8 31. e3 Bf8 32.
Rxf7 Kxf7 33. Bxb7 Bd6 34. Kf2 Rb8 35. Bc6 b4 36.
Bxe8+ Kxe8 37. axb4 Rxb4 38. Ba3 Rb6 39. Bxd6 Rxd6 40. Rc8+ Kd7 41. Ra8 Rb6 42. Rxa4 Kd6 43. Kf3 h5 44. h3 Rb1 45. Ra6+ Kd5 46. Ra7 Rh1 47. Kg2 Re1 48. Kf2 Rh1 49. Rd7+ Ke4 50. Rd6 Rxh3 51. Rxe6+ Kd3 52. Re5 Rh2+ 53. Kg3 Rh1 54.
d5 h4+ 55. Kg2 Re1 56. d6 Ke2 57. Rd5 Kxe3 58. d7 Re2+ 59. Kh3 Re1 60. d8=Q Kxf4 61.
Kg2 h3+ 62. Kxh3 Re3+ 63. Kg2 Rg3+ 64. Kf2 Ra3 65. Ke2 Ra2+ 66. Kd3 Kg3 67. Qg5+ Kh2 68. Rxf5 Ra3+ 69. Kc4 Ra4+ 70. Kb3 Ra1 71. Rf2+ Kh1 72. Qg2# 1-0

[Event "Early-Titled-Tuesday-Blitz-September-05-2023"]
[Site "Chess.com"]
[Date "2023.09.05"]
[Round "2"]
[White "Kirill_Klukin"]
[Black "szachuspl"]
[Result "1-0"]
[WhiteElo "2805"]
[BlackElo "2551"]
[TimeControl "180+1"]
[EndTime "8:18:49 PDT"]
[Termination "Kirill_Klukin won by checkmate"]

1. d4 g6 2. Nf3 Bg7 3. c4 d6 4. Nc3 Bg4 5. Bg5 c5 6. d5 h6 7. Bf4 g5 8. Bd2 Bf5 9. e4 Bg6 10. h4 g4 11. h5 Bh7 12. Nh4 Nf6 13. Bd3 Nbd7 14. Bf4 Rg8 15. Nf5 Bxf5 16. exf5 Qa5 17. Qd2 Rh8 18. a3 a6 19. Rb1 Kf8 20. Kf1 Ne8 21. Ne4 Qxd2 22. Bxd2 Ne5 23. Be2 Nf6 24. Ng3 Nfd7 25. Bc3 Bf6 26. Ne4 Kg7 27. g3 Rab8 28.
a4 Rhe8 29. Kg2 Nb6 30. b3 Nbd7 31. Bd2 Rec8 32. Bf4 b6 33. Nxf6 exf6 34. Rh4 b5 35. axb5 axb5 36. cxb5 Rb7 37. Ra1 Kh7 38. Ra6 Rb6 39.
Rxb6 Nxb6 40. Bxg4 Nxd5 41. Bf3 Nxf4+ 42. Rxf4 Rb8 43.
Be2 Kg7 44. Ra4 Rb7 45. Ra6 d5 46. Rd6 d4 47. Rd5 Nd7 48. Bc4 Rc7 49. f4 Kf8 50. Rd6 Ke7 51. Ra6 Rb7 52. Kf3 Nb6 53. Ke4 Nc8 54. Kd5 Rc7 55. b6 Rd7+ 56. Kxc5 d3 57. Bxd3 Nxb6 58. Bb5 Rd1 59. Rxb6 Rg1 60. Bc4 Rxg3 61.
Rb7+ Kd8 62. Rxf7 Rf3 63. Rxf6 Rxf4 64. Rd6+ Kc7 65. f6 Rf5+ 66. Bd5 Rxh5 67. f7 Rf5 68. Rxh6 Kd8 69. Rh8+ Ke7 70. Re8+ Kd7 71. f8=Q Rf7 72. Qxf7# 1-0

[Event "Early-Titled-Tuesday-Blitz-September-05-2023"]
[Site "Chess.com"]
[Date "2023.09.05"]
[Round "2"]
[White "m_ezat"]
[Black "ShahMatKanal"]
[Result "1-0"]
[WhiteElo "2716"]
[BlackElo "2418"]
[TimeControl "180+1"]
[EndTime "8:18:51 PDT"]
[Termination "m_ezat won by resignation"]

1. d4 d5 2. c4 e6 3. Nc3 c6 4.
e3 f5 5. Qc2 Nf6 6. Bd3 Bd6 7.
Nge2 O-O 8. f3 Kh8 9. O-O g6 10.
Bd2 Nbd7 11. e4 dxc4 12. Bxc4 Nb6 13. Bb3 Nh5 14. g3 Bd7 15. Rad1 Rc8 16. Bh6 Re8 17.
Qd2 Bf8 18. Bg5 Be7 19. Be3 Bf6 20. g4 Ng7 21. Bh6 Rc7 22. Nf4 Bc8 23. e5 Bh4 24. g5 Nd5 25. Ng2 f4 26. Bxd5 exd5 27. Nxh4 Nh5 28. Ne2 Rf7 29. Ng2 Bh3 30. Rf2 Bxg2 31.
Rxg2 Qd7 32. Rg4 Qf5 33. Rf1 a6 34. Rd1 Re6 35. Qd3 Qxd3 36. Rxd3 Rf5 37. h4 Re7 38. a4 Kg8 39. Rb3 Kf7 40. Rb6 Ke6 41. Nc1 Rc7 42. Nd3 Kd7 43. Nc5+ Kc8 44. Rg2 Ng3 45. Kf2 Re7 46.
b4 Nh5 47. b5 axb5 48. axb5 cxb5 49. Rxb5 Ng3 50. Rg1 Rc7 51. Ra1 Kb8 52. Ra4 Nh1+ 53. Kg2 Ng3 54. Na6+ Kc8 55. Nxc7 Kxc7 56. Ra7 Ne2 57.
Rbxb7+ Kc8 58. Rxh7 Kb8 59. Rhb7+ Kc8 60. Bf8 Rxf8 61.
Re7 Kb8 62. Rab7+ Ka8 63. Rb4 Nc3 64. e6 Nd1 65. Rf7 Ne3+ 66. Kg1 Re8 67. e7 Nf5 68. Rf8 1-0

[Event "Early-Titled-Tuesday-Blitz-September-05-2023"]
[Site "Chess.com"]
[Date "2023.09.05"]
[Round "2"]
[White "Vesper2018"]
[Black "Bauman_Guy"]
[Result "1/2-1/2"]
[WhiteElo "2593"]
[BlackElo "2850"]
[TimeControl "180+1"]
[EndTime "8:18:53 PDT"]
[Termination "Game drawn - insufficient material"]

1. e4 c6 2. d4 d5 3. e5 Bf5 4. g4 Bg6 5. h4 h5 6. e6 hxg4 7. Be2 Nf6 8. Bg5 Qd6 9. exf7+ Bxf7 10. Bxg4 Nxg4 11. Qxg4 Nd7 12. Qe2 O-O-O 13. Nd2 Re8 14.
Ngf3 e5 15. dxe5 Nxe5 16. O-O-O Nxf3 17. Qxf3 Bh5 18. Qf5+ Qd7 19. Qxd7+ Kxd7 20. Rde1 Bc5 21. f4 Rxe1+ 22. Rxe1 Re8 23. Rxe8 Kxe8 24. Nf1 Kf7 25. Kd2 Ke6 26. Ng3 Bg4 27. Ke1 a5 28. h5 a4 29. h6 gxh6 30. Bxh6 Bf5 31. Kd2 a3 32. b3 Bb4+ 33. Kd1 Be7 34. Kd2 Bg6 35. Ne2 Kf5 36. Nd4+ Ke4 37. Ne6 Bf5 38. Ng7 Bg4 39.
Ne8 Bd7 40. Nc7 Bb4+ 41. c3 Ba5 42. Na8 d4 43. b4 Bd8 44. Bg7 d3 45. Be5 Be6 46.
b5 Be7 47. Nb6 Bxa2 48. bxc6 bxc6 49. c4 Bb1 50. Kc1 a2 51. Kd2 Bb4+ 52. Kc1 Bc5 53.
Na4 Bd4 54. Bxd4 Kxd4 55. Kb2 d2 56. Nc3 Kxc4 57. Nd1 Kd3 58. f5 Ke2 59. Nc3+ Ke1 60.
f6 Bg6 61. Kxa2 d1=Q 62. Nxd1 Kxd1 63. Kb3 Kd2 64. Kb4 Ke3 65. Kc5 Be8 66. f7 Bxf7 67. Kxc6 1/2-1/2

[Event "Early-Titled-Tuesday-Blitz-September-05-2023"]
[Site "Chess.com"]
[Date "2023.09.05"]
[Round "2"]
[White "Mesa_1"]
[Black "LionTheLeon_06"]
[Result "1/2-1/2"]
[WhiteElo "2565"]
[BlackElo "2805"]
[TimeControl "180+1"]
[EndTime "8:18:53 PDT"]
[Termination "Game drawn by repetition"]

1. e4 e6 2. d4 d5 3. Nd2 dxe4 4. Nxe4 Nd7 5. Nf3 Ngf6 6. Nxf6+ Nxf6 7. g3 b6 8. Bb5+ Bd7 9. a4 Be7 10. O-O O-O 11. Ne5 a6 12. Nxd7 Nxd7 13. Bc6 Ra7 14. Re1 Nb8 15. Be4 c6 16. Qd3 h6 17. c3 Rd7 18.
Qf3 Qc7 19. Bc2 Bg5 20. Bxg5 hxg5 21. Qh5 g6 22. Qxg5 Rd5 23. Qe3 Nd7 24. Be4 Rd6 25.
h4 Nf6 26. Bf3 Kg7 27. Kg2 Rh8 28. Rh1 a5 29. Rae1 c5 30. dxc5 Qxc5 31. Qxc5 bxc5 32. Rd1 Rb6 33. Rd2 Rhb8 34. Rb1 Ng8 35. Be2 Ne7 36. Bb5 Nd5 37. Rbd1 Nc7 38. c4 Ne8 39. Rd7 Nf6 40.
Ra7 e5 41. Rxa5 e4 42. Ra7 Ng4 43. Re7 Rf6 44. Rd2 e3 45. fxe3 Nh6 46. a5 Nf5 47. Re4 Nd6 48. Rf4 Nxb5 49. Rxf6 Kxf6 50. cxb5 Rxb5 51.
Rd6+ Ke7 52. Rc6 Rxb2+ 53. Kf3 Rb5 54. a6 Ra5 55. g4 c4 56. Rxc4 Rxa6 57. Re4+ Kf6 58.
Rf4+ Kg7 59. Rd4 Rf6+ 60. Kg3 Ra6 61. Kf3 Re6 62. Re4 Rf6+ 63. Rf4 Ra6 64. Kg3 Re6 65.
Rf3 Ra6 66. e4 Ra5 67. Re3 Kf6 68. Kf4 Ra1 69. Kg3 Rg1+ 70. Kh3 Rh1+ 71. Kg3 Rg1+ 72. Kh3 Rh1+ 73. Kg3 Rg1+ 1/2-1/2

[Event "Early-Titled-Tuesday-Blitz-September-05-2023"]
[Site "Chess.com"]
[Date "2023.09.05"]
[Round "2"]
[White "Zhani-Z"]
[Black "Kaua18"]
[Result "0-1"]
[WhiteElo "2292"]
[BlackElo "2506"]
[TimeControl "180+1"]
[EndTime "8:18:58 PDT"]
[Termination "Kaua18 won by resignation"]

1. e4 c6 2. d4 d5 3. exd5 cxd5 4. Bd3 Nc6 5. c3 Qc7 6. h3 g6 7. Nf3 Bf5 8. O-O e6 9. Ne5 Nxe5 10. dxe5 Bxd3 11. Qxd3 Ne7 12. Be3 Nc6 13. f4 h5 14.
Nd2 Be7 15. Nf3 O-O-O 16. b4 Kb8 17. b5 Na5 18. b6 axb6 19. Rfb1 Nc4 20. a4 Rc8 21.
Rb5 Nxe3 22. Qxe3 Qxc3 23. Qxc3 Rxc3 24. Rab1 Rhc8 25. Kh2 Rc1 26. R1b3 R8c3 27. Rxb6 Rxb3 28. Rxb3 Rc4 29. a5 Ra4 30. Rb5 Ka7 31. Nd2 Rxf4 32. Nb3 Re4 33. a6 bxa6 34. Ra5 Kb6 35. Ra1 Rxe5 36.
Rb1 Kc7 37. Na5 Kd7 38. Rb7+ Ke8 39. Rb8+ Kd7 40. Rb7+ Kd6 41. Rb6+ Kc5 42. Rb7 Bd6 43. Nb3+ Kc6 44. Ra7 Re1+ 45. g3 Re2+ 46. Kg1 Kb6 47.
Rxf7 Re3 48. Nd4 Rxg3+ 49. Kf1 e5 50. Ne6 e4 51. Rf6 Be5 52. Rf7 Rxh3 53. Nf8 Rf3+ 54.
Rxf3 exf3 55. Nd7+ Kb5 56. Nxe5 a5 57. Nd3 Kc4 58. Nb2+ Kb3 59. Nd3 a4 60. Nc5+ Kb4 61. Nd3+ Kc3 62. Ne5 a3 0-1

[Event "Early-Titled-Tuesday-Blitz-September-05-2023"]
[Site "Chess.com"]
[Date "2023.09.05"]
[Round "2"]
[White "ElenaPershina"]
[Black "ural58"]
[Result "0-1"]
[WhiteElo "2334"]
[BlackElo "2525"]
[TimeControl "180+1"]
[EndTime "8:18:59 PDT"]
[Termination "ural58 won on time"]

1. c4 e5 2. Nc3 Nf6 3. g3 d5 4. cxd5 Nxd5 5. Bg2 Nb6 6. e3 Nc6 7. Nge2 Be7 8. O-O O-O 9. f4 Bg4 10.
h3 Bxe2 11. Qxe2 exf4 12. gxf4 Bf6 13. b3 Qd7 14. Bb2 Rad8 15. Rad1 Qd3 16. Qxd3 Rxd3 17. Be4 Rd6 18. d4 a6 19. Bf3 Re8 20. Ne4 Rde6 21.
Nxf6+ Rxf6 22. d5 Rg6+ 23. Kf2 Nb4 24. a3 Nc2 25. Bc1 Rh6 26. Bg2 c6 27. dxc6 bxc6 28.
Rd3 Nd5 29. e4 Nf6 30. Rc3 Nd4 31. e5 Nd5 32. Bxd5 cxd5 33. Rd1 Nb5 34. Rcd3 d4 35.
a4 Nc3 36. Re1 Rd8 37. Bb2 Rc6 38. Bxc3 Rxc3 39. Rxc3 dxc3 40. Rc1 Rd2+ 41. Ke3 Rh2 42. Rxc3 Rxh3+ 43. Kd4 Rxc3 44. Kxc3 h5 45. Kd3 Kf8 46.
b4 Ke7 47. Ke4 g6 48. f5 h4 49. b5 h3 50. Kf3 axb5 51. a5 b4 52. a6 h2 53. Kg2 h1=Q+ 54. Kxh1 b3 55. a7 b2 56. a8=Q b1=Q+ 57. Kg2 Qxf5 58. Qa7+ Kf8 59. Qc5+ Kg7 60. Qd6 Qe4+ 61. Kg3 Qe3+ 62. Kg2 Qg5+ 63. Kf3 Qf5+ 64. Kg2 g5 65. Qd5 Kg6 66. Qd6+ Qe6 67. Qd4 Kf5 68.
Kg3 Qxe5+ 0-1

[Event "Early-Titled-Tuesday-Blitz-September-05-2023"]
[Site "Chess.com"]
[Date "2023.09.05"]
[Round "2"]
[White "OparinGrigoriy"]
[Black "wannabe2700"]
[Result "1-0"]
[WhiteElo "2986"]
[BlackElo "2642"]
[TimeControl "180+1"]
[EndTime "8:19:00 PDT"]
[Termination "OparinGrigoriy won by checkmate"]

1. Nc3 e5 2. e4 Nf6 3. Bc4 Nxe4 4. Qh5 Nd6 5. Bb3 Be7 6. Qxe5 O-O 7. Nf3 Bf6 8. Qf4 Re8+ 9. Kd1 Nc6 10. Nd5 Re6 11. d3 Na5 12. Nxf6+ Rxf6 13. Qh4 Nxb3 14. axb3 h6 15. Bd2 Nf5 16. Qf4 d5 17. Bc3 d4 18.
Nxd4 c5 19. Nxf5 Rxf5 20. Qe3 Rg5 21. g3 Be6 22. h4 Rf5 23. Re1 Qd5 24. f4 Qg2 25. Rg1 Qh3 26. Kd2 Re8 27. Rae1 Bd7 28. Qf2 Rxe1 29. Rxe1 Be6 30. Be5 f6 31. Bd6 Rd5 32.
Bxc5 b6 33. Bd4 Bf5 34. b4 Kh7 35. Bc3 Qg4 36. Kc1 Qg6 37. Qf3 Rd7 38. b5 Bg4 39.
Qe4 Bf5 40. Qg2 h5 41. b3 Qf7 42. Kb2 Qg6 43. Qf2 Qf7 44. Qf3 Rd5 45. Re7 Qxe7 46.
Qxd5 Bg4 47. Bd4 Qe2 48. Qb7 Bf5 49. Qxa7 Bxd3 50. Qxb6 Qxc2+ 51. Ka3 Qc1+ 52. Bb2 Qd1 53. Qd4 Qe2 54. b6 Be4 55. Qc4 Qf3 56. Kb4 Bd5 57. Qc3 Qe4+ 58. Qd4 Qe6 59. Qd3+ Be4 60. Qc4 Bd5 61.
Qd3+ Be4 62. Qe3 Qc6 63. Bc3 Bd5 64. Qc5 Qb7 65. Qc7 Qa8 66. Qa7 Qc6 67. Qc7 Qa8 68. Bd4 Bc6 69. Qd6 Qb7 70. Qc5 Qd7 71. Qxh5+ Kg8 72.
Qc5 Kh7 73. g4 Kg8 74. g5 fxg5 75. fxg5 Kh7 76. h5 g6 77. h6 Kg8 78. Qe5 Kf7 79. Qg7+ Ke6 80. Qxd7+ Kxd7 81. h7 Kd6 82. h8=Q Kd5 83.
Qe5# 1-0

[Event "Early-Titled-Tuesday-Blitz-September-05-2023"]
[Site "Chess.com"]
[Date "2023.09.05"]
[Round "2"]
[White "ChessWarrior3"]
[Black "Andrei_Belozerov"]
[Result "1/2-1/2"]
[WhiteElo "2413"]
[BlackElo "2615"]
[TimeControl "180+1"]
[EndTime "8:19:00 PDT"]
[Termination "Game drawn by repetition"]

1. e4 c5 2. d4 cxd4 3. Nf3 e5 4. c3 Nc6 5. cxd4 exd4 6. Nxd4 Nf6 7. Nc3 Bb4 8. Bc4 O-O 9. O-O Bxc3 10. bxc3 Nxe4 11. Ba3 Re8 12. Nb5 a6 13. Nd6 Nxd6 14. Bxd6 b5 15.
Bxf7+ Kxf7 16. Qd5+ Kg6 17. Rae1 Bb7 18. f4 h6 19. Qd3+ Kf7 20. Qd5+ Kf6 21. g4 g6 22. Be5+ Nxe5 23. fxe5+ Kg7 24. Qxb7 Rb8 25. Qxa6 Qb6+ 26. Qxb6 Rxb6 27. Rf2 Re7 28. Rb2 Rc6 29. Re3 Rc5 30. Rbe2 Rc4 31. h3 h5 32. gxh5 gxh5 33.
Rd2 Rc5 34. Kf2 Kg6 35. Rd4 Rcxe5 36. Rxe5 Rxe5 37. Rxd7 Rc5 38. Rd3 Kf5 39. Kf3 Ke5 40. Kg3 Rc4 41. Re3+ Kf5 42. h4 Rg4+ 43. Kh3 Ra4 44.
Re2 Ra3 45. Rc2 b4 46. Kg2 bxc3 47. Kf3 Ke5 48. Ke3 Kf5 49. Kd3 Kg4 50. Rxc3 Rxa2 51.
Rc4+ Kg3 52. Ke3 Ra8 53. Ke2 Kg2 54. Rc5 Re8+ 55. Kd3 Rh8 56. Ke2 Kg3 57. Kf1 Rf8+ 58. Kg1 Ra8 59. Rc3+ Kg4 60. Kh2 Ra2+ 61. Kg1 Kxh4 62.
Rb3 Kg4 63. Rc3 Ra4 64. Rb3 h4 65. Rc3 Kh5 66. Rb3 Rg4+ 67. Kh2 Rg5 68. Rc3 Kg4 69. Kg1 Kf4+ 70. Kh2 Rg3 71. Rc4+ Kg5 72. Rc5+ Kg4 73. Rc4+ Kh5 74. Rc5+ Kh6 75. Rc4 Kh5 76. Rc5+ Rg5 77.
Rc4 Rg3 1/2-1/2

[Event "Early-Titled-Tuesday-Blitz-September-05-2023"]
[Site "Chess.com"]
[Date "2023.09.05"]
[Round "2"]
[White "YoreDea"]
[Black "Karacsonyi_Gellert"]
[Result "0-1"]
[WhiteElo "2567"]
[BlackElo "2828"]
[TimeControl "180+1"]
[EndTime "8:19:03 PDT"]
[Termination "Karacsonyi_Gellert won by resignation"]

1. d4 Nf6 2. g3 e6 3. Bg2 d5 4. c4 Be7 5. Nf3 O-O 6. O-O dxc4 7. Qc2 a6 8. Qxc4 b5 9. Qc2 Bb7 10. Bg5 Be4 11. Qc1 Nbd7 12. Nbd2 Bb7 13. Nb3 c5 14. dxc5 Rc8 15. Rd1 Qe8 16. Be3 Ng4 17. Bd4 Bd5 18. e4 Bxb3 19. axb3 Nxc5 20. Qf4 Nf6 21.
Bxc5 Bxc5 22. Rxa6 Qe7 23. Ne5 Qc7 24. Nd3 Qxf4 25.
gxf4 Rfd8 26. Bf3 Bd4 27. Kg2 h6 28. e5 Nd5 29. Bxd5 Rxd5 30. Kf3 Rc2 31. Rd6 Bxb2 32. Nxb2 Rxb2 33. R1xd5 exd5 34. Rxd5 Rxb3+ 35. Kg4 g6 36. Rd7 Rb2 37. Rb7 Rxf2 38. Rxb5 Rxh2 39. Kg3 Rh1 40. Rb7 Rg1+ 41. Kf3 h5 42. Ke4 h4 43. Kf3 Rg3+ 44. Kf2 Rc3 45. Ra7 h3 46. Ra1 Kg7 47.
Rg1 Kf8 48. Rh1 Ke7 49. Rd1 Ra3 50. Kg1 Rf3 51. Rd4 Ke6 52. Rd6+ Ke7 53. Rf6 Re3 54.
Kh2 Kf8 55. Kh1 Kg7 56. Kh2 Kg8 57. Kh1 Kg7 58. Kh2 g5 59. fxg5 Rxe5 60. Rf3 Rxg5 61. Kxh3 Ra5 62. Kg2 f5 63. Rc3 Kf6 64. Kf2 Kg5 65.
Rc4 Ra2+ 66. Kf3 Ra3+ 67. Kf2 f4 68. Rc5+ Kg4 69. Rc8 Ra2+ 70. Kf1 Kg3 71. Rc3+ f3 72. Ke1 Ra1+ 73. Kd2 Kg2 74. Rc8 f2 75. Rg8+ Kh3 76.
Rh8+ Kg4 77. Rg8+ Kh5 78. Rh8+ Kg6 0-1

[Event "Early-Titled-Tuesday-Blitz-September-05-2023"]
[Site "Chess.com"]
[Date "2023.09.05"]
[Round "2"]
[White "kushbhagat2009"]
[Black "ContrVersia"]
[Result "1/2-1/2"]
[WhiteElo "2628"]
[BlackElo "2929"]
[TimeControl "180+1"]
[EndTime "8:19:05 PDT"]
[Termination "Game drawn by repetition"]

1. d4 Nf6 2. Bf4 e6 3. e3 c5 4. Nf3 cxd4 5. exd4 b6 6. c3 Be7 7. Nbd2 O-O 8. Bd3 Ba6 9. Bxa6 Nxa6 10. O-O d6 11. Re1 h6 12. h3 Qd7 13. Ne4 Nd5 14. Bh2 Rfc8 15. a4 Qc6 16. Nfd2 Nac7 17. Qf3 Ne8 18. Ng3 Bf8 19. Ndf1 a6 20. Ne3 Nxe3 21.
Qxc6 Rxc6 22. Rxe3 Rcc8 23. Ne4 b5 24. axb5 axb5 25. Ree1 f5 26. Nd2 Kf7 27. Nb3 Nf6 28. f3 Nd5 29. Rxa8 Rxa8 30. Ra1 Rxa1+ 31. Nxa1 Nb6 32.
b3 Nd5 33. c4 bxc4 34. bxc4 Ne3 35. c5 dxc5 36. dxc5 Bxc5 37. Nb3 Bb6 38. Kh1 Nc4 39. g4 Kf6 40. Kg2 Ne3+ 41. Kh1 h5 42. gxh5 Nd5 43. Nd2 Kg5 44. Nc4 Bd4 45. Kg2 Kxh5 46. Nd6 Ne3+ 47. Kh1 Kh4 48. Nb5 Bc5 49. Be5 Kxh3 50. Bxg7 Kg3 51.
Nc7 Kxf3 52. Nxe6 Bd6 53. Nd4+ Kf2 54. Nxf5 Nxf5 55. Bf6 Ng3+ 56. Kh2 Ne4+ 57. Kh1 Kf3 58. Bd4 Ng3+ 59. Kg1 Ne2+ 60. Kf1 Nxd4 61. Kg1 Ne2+ 62. Kh1 Ng3+ 63. Kg1 Bf4 64. Kh2 Be3 65. Kh3 Bg1 66. Kh4 Ne4 67. Kh3 Ng3 68. Kh4 Be3 69.
Kh3 Bc5 70. Kh2 Bb6 71. Kh3 Bg1 1/2-1/2